[Event "Titled Tuesday Blitz June 28 Early 2022"]
[White "Narayanan.S.L"]
[Black "Marjanovic, Annamaria"]
[WhiteFideId "5058422"]
[BlackFideId "750930"]
[WhiteElo "2494"]
[BlackElo "2156"]
[Result "1-0"]
[Round "02"]
[TimeControl "180+1"]
[Date "2022.06.28"]
[WhiteClock "0:01:40"]
[BlackClock "0:00:08"]

1. g3 f5 2. Bg2 Nf6 3. d4 g6 4. Nf3 Bg7 5. O-O O-O 6. Nbd2 d6 7. Re1 Nc6 8. e4 fxe4 9. Nxe4 Nxe4 10. Rxe4 Bf5 11. Re3 Bg4 12. c3 e5 13. dxe5 Nxe5 14. Qb3+ Kh8 15. Nxe5 dxe5 16. Re1 Rb8 17. Be3 b6 18. h3 Bf3 19. Bxf3 Rxf3 20. Rad1 Qe7 21. Qd5 Rbf8 22. Re2 Qf6 23. Qe4 Qe6 24. Kg2 R3f7 25. b3 Qf5 26. Qxf5 gxf5 27. f3 c5 28. c4 f4 29. gxf4 exf4 30. Bf2 Bf6 31. Rd5 Rg7+ 32. Kf1 Rfg8 33. Re6 Bd4 34. Rxd4 cxd4 35. Bxd4 Rd8 36. Bxg7+ Kxg7 37. Ke2 Rd7 38. Re4 Rf7 39. b4 Kg6 40. c5 bxc5 41. bxc5 Kf5 42. Rc4 Rc7 43. c6 Ke5 44. Kd3 Kd5 45. h4 Ke5 46. a4 Kd5 47. a5 Ke5 48. Rc5+ Kd6 49. Kd4 Rxc6 50. Rxc6+ Kxc6 51. Ke5 Kb5 52. Kxf4 Kxa5 53. Kg5 Kb5 54. f4 a5 55. f5 a4 56. f6 a3 57. f7 a2 58. f8=Q a1=Q 59. Qe8+ Kc4 60. Qf7+ Kd3 61. Qxh7+ Ke3 62. Qe7+ Kf3 63. h5 Qa5+ 64. Kg6 Kf4 65. Qf6+ Kg4 66. h6 Qh5+ 67. Kg7 Qb5 68. h7 Qb7+ 69. Qf7 Qb2+ 70. Kg8 Qb8+ 71. Qf8 Qb3+ 72. Kg7 Qc3+ 73. Kf7 Qf3+ 74. Kg8 Qd5+ 75. Qf7 Qd8+ 76. Kg7 Qd4+ 77. Qf6 Qd7+ 78. Kg8 Qc8+ 79. Kf7 Qd7+ 80. Qe7 Qf5+ 81. Kg7 1-0


[Site "https://www.chess.com"]

[Event "Titled Tuesday Blitz June 28 Early 2022"]
[White "Nilsson, Joakim"]
[Black "Ider, Borya"]
[WhiteFideId "1723383"]
[BlackFideId "4901134"]
[WhiteElo "2210"]
[BlackElo "2512"]
[Result "0-1"]
[Round "02"]
[TimeControl "180+1"]
[Date "2022.06.28"]
[WhiteClock "0:00:15"]
[BlackClock "0:01:36"]

1. d4 Nf6 2. c4 e6 3. g3 d5 4. Nf3 dxc4 5. Bg2 c5 6. O-O cxd4 7. Qa4+ Bd7 8. Qxc4 Nc6 9. Nxd4 Rc8 10. Nc3 Nxd4 11. Qxd4 Bc5 12. Qh4 Bc6 13. Bg5 Bxg2 14. Kxg2 Be7 15. Rfd1 Qa5 16. Rac1 O-O 17. a3 h6 18. Be3 a6 19. Qa4 Qh5 20. h3 Rc6 21. g4 Qg6 22. Qb3 b5 23. f3 Rfc8 24. Na2 Nd5 25. Bd2 Bg5 26. Rxc6 Rxc6 27. e4 Nf4+ 28. Kg3 Qf6 29. Bc3 Ne2+ 30. Kg2 Qf4 31. Kf2 Qh2+ 32. Ke1 Ng3 33. Rd8+ Kh7 34. Rd2 Qg1# 0-1


[Site "https://www.chess.com"]

[Event "Titled Tuesday Blitz June 28 Early 2022"]
[White "Ocelak, Jakub"]
[Black "Jobava, Baadur"]
[WhiteFideId "23707933"]
[BlackFideId "13601520"]
[WhiteElo "2048"]
[BlackElo "2617"]
[Result "0-1"]
[Round "02"]
[TimeControl "180+1"]
[Date "2022.06.28"]
[WhiteClock "0:00:05"]
[BlackClock "0:00:34"]

1. d4 Nf6 2. Nc3 d5 3. Bf4 c5 4. e4 e6 5. dxc5 Bxc5 6. exd5 O-O 7. Nf3 exd5 8. Be2 d4 9. Nb1 Nc6 10. O-O Re8 11. Nbd2 h6 12. a3 a6 13. b4 Ba7 14. Nb3 Bg4 15. h3 Bh5 16. Re1 Qd5 17. Nfd2 d3 18. Bxh5 Nxh5 19. Bh2 Rxe1+ 20. Qxe1 dxc2 21. Rc1 Nf6 22. Rxc2 Re8 23. Qf1 Qf5 24. Rc3 Nd5 25. Rf3 Qc2 26. Bg3 Ne5 27. Bxe5 Rxe5 28. Qc4 Re1+ 29. Kh2 Qxc4 30. Nxc4 b5 31. Nca5 Bb8+ 32. g3 Re2 33. Rd3 Rxf2+ 34. Kg1 Ba7 35. Nc5 Rf5 36. Nc6 Bxc5+ 37. bxc5 Kf8 38. Nb8 a5 39. Rb3 Nc7 40. Rd3 Rd5 41. Re3 Ne6 42. c6 Ke7 43. Rc3 Kd6 44. Na6 Nc7 45. Nb8 b4 46. axb4 axb4 47. Rb3 Rb5 48. Kf2 Rxb8 49. Ke2 Kxc6 50. Kd3 Ne6 51. Kc4 Nc5 52. Rxb4 Rxb4+ 53. Kxb4 Kd5 54. Kc3 Ne4+ 55. Kd3 Nxg3 56. Ke3 Nf5+ 57. Kf4 g6 0-1


[Site "https://www.chess.com"]

[Event "Titled Tuesday Blitz June 28 Early 2022"]
[White "OKEKE, Isaac Chukwudalu"]
[Black "Kanyamarala, Tarun"]
[WhiteFideId "8508526"]
[BlackFideId "45004714"]
[WhiteElo "2102"]
[BlackElo "2219"]
[Result "1-0"]
[Round "02"]
[TimeControl "180+1"]
[Date "2022.06.28"]
[WhiteClock "0:00:48"]
[BlackClock "0:00:56"]

1. e4 Nf6 2. e5 Nd5 3. d4 d6 4. exd6 cxd6 5. Nf3 Nc6 6. c4 Nb6 7. h3 g6 8. Nc3 Bg7 9. Be2 O-O 10. O-O e5 11. dxe5 dxe5 12. Bg5 f6 13. Be3 Be6 14. b3 h6 15. Qc1 Kh7 16. Rd1 Qe8 17. Nd5 Bxd5 18. cxd5 Nb4 19. Bc5 N4xd5 20. Bxf8 Qxf8 21. a4 e4 22. Nd4 Rc8 23. Qd2 Qe7 24. Rac1 Rd8 25. Nb5 a6 26. Nc7 f5 27. a5 Nxc7 28. Qxd8 Qxd8 29. Rxd8 Nbd5 30. Rd7 Kh8 31. Rcxc7 1-0


[Site "https://www.chess.com"]

[Event "Titled Tuesday Blitz June 28 Early 2022"]
[White "Omariev, Maksim"]
[Black "Bommini, Mounika Akshaya"]
[WhiteFideId "4193423"]
[BlackFideId "25019872"]
[WhiteElo "2492"]
[BlackElo "1680"]
[Result "0-1"]
[Round "02"]
[TimeControl "180+1"]
[Date "2022.06.28"]
[WhiteClock "0:00:01"]
[BlackClock "0:00:08"]

1. g4 d5 2. Bg2 Bxg4 3. c4 c6 4. Qb3 Qb6 5. cxd5 Qxb3 6. axb3 Nf6 7. Nc3 e6 8. h3 Bh5 9. dxe6 fxe6 10. Nf3 Nbd7 11. Ng5 Nc5 12. Ra3 Bf7 13. d4 Ncd7 14. Ra1 Bd6 15. e4 Bb4 16. Be3 O-O 17. Nxf7 Rxf7 18. O-O a6 19. f4 Raf8 20. f5 e5 21. Ne2 Re7 22. d5 cxd5 23. exd5 Nc5 24. Bxc5 Bxc5+ 25. Kh2 Rd8 26. Nc3 Rd6 27. Rad1 Bd4 28. Rfe1 Red7 29. Ne4 Nxe4 30. Bxe4 Rc7 31. Re2 Kf7 32. Kg3 Kf6 33. Kf3 Rc5 34. h4 Rb5 35. Rd3 Rdb6 36. Rc2 Rxb3 37. Rxb3 Rxb3+ 38. Kg4 Rxb2 39. Rc7 Rb1 40. d6 Rg1+ 41. Kf3 Rf1+ 42. Kg3 Rg1+ 43. Kh2 Rd1 44. Bd5 Bg1+ 45. Kg2 Rxd5 46. Kxg1 Rxd6 47. Rxb7 Kxf5 48. Rxg7 Rh6 49. Rg5+ Ke4 50. h5 Kf4 51. Rg7 Rxh5 52. Ra7 Rh6 53. Kf2 e4 54. Rb7 Rh2+ 55. Kg1 Rc2 56. Rf7+ Ke3 57. Rxh7 Rc1+ 58. Kg2 Ke2 59. Ra7 Ra1 60. Re7 e3 61. Kg3 Ra4 62. Re6 Kd2 0-1


[Site "https://www.chess.com"]

[Event "Titled Tuesday Blitz June 28 Early 2022"]
[White "Onslow, Alfie"]
[Black "Bringas Gomez, Artai"]
[WhiteFideId "436976"]
[BlackFideId "24534064"]
[WhiteElo "1885"]
[BlackElo "1988"]
[Result "1-0"]
[Round "02"]
[TimeControl "180+1"]
[Date "2022.06.28"]
[WhiteClock "0:01:09"]
[BlackClock "0:01:42"]

1. e4 c5 2. Nc3 d6 3. d4 cxd4 4. Qxd4 Nc6 5. Qd2 e6 6. b3 Nf6 7. Bb2 d5 8. exd5 exd5 9. O-O-O Bb4 10. a3 Ba5 11. b4 Nxb4 12. axb4 Bxb4 13. Qe2+ Kf8 14. Qb5 Bxc3 15. Bxc3 Be6 16. Nf3 Ne4 17. Bd4 h5 18. Qb2 f6 19. Bb5 a6 20. Ba4 b5 21. Bb3 h4 22. h3 Rh5 23. Rhe1 Bf7 24. Rxe4 dxe4 25. Bc5+ Rxc5 26. Rxd8+ Rxd8 27. Nd2 Bxb3 28. Qxb3 Rcd5 29. Nxe4 a5 30. Nc3 Rc5 31. Nxb5 Rb8 32. c4 Rbxb5 33. Qd3 a4 34. Qd8+ Kf7 35. Qd7+ Kf8 36. Qxb5 Rxb5 37. cxb5 Ke7 38. Kb2 Kd6 39. Ka3 Kc5 40. Kxa4 Kb6 41. Kb4 f5 42. f4 g6 43. Kc4 1-0


[Site "https://www.chess.com"]

[Event "Titled Tuesday Blitz June 28 Early 2022"]
[White "Orlov, Georgi"]
[Black "Costachi, Mihnea"]
[WhiteFideId "2011271"]
[BlackFideId "1217518"]
[WhiteElo "2518"]
[BlackElo "2476"]
[Result "1/2-1/2"]
[Round "02"]
[TimeControl "180+1"]
[Date "2022.06.28"]
[WhiteClock "0:00:08"]
[BlackClock "0:00:05"]

1. d4 Nf6 2. Nf3 d5 3. c4 g6 4. cxd5 Nxd5 5. e4 Nb6 6. Nc3 Bg7 7. Be3 O-O 8. h3 Nc6 9. Be2 Na5 10. b3 c5 11. Rc1 cxd4 12. Bxd4 Nc6 13. Bxg7 Kxg7 14. O-O f6 15. Qxd8 Rxd8 16. Rfd1 Be6 17. Nb5 Rxd1+ 18. Rxd1 Rc8 19. Rd2 a6 20. Nbd4 Nxd4 21. Nxd4 Bf7 22. f4 Rc1+ 23. Kf2 Kf8 24. Bf3 e5 25. fxe5 fxe5 26. Nc2 Ke7 27. Ne3 h5 28. g4 hxg4 29. Nxg4 Nd7 30. Ne3 Be6 31. h4 Nf6 32. Rc2 Ra1 33. Rc7+ Kd6 34. Rxb7 Rxa2+ 35. Kg3 Ra3 36. Rb6+ Kd7 37. Nd5 Nxd5 38. exd5 Bf5 39. Be2 Bc2 40. Bc4 a5 41. d6 Bxb3 42. Rxb3 Rxb3+ 43. Bxb3 Kxd6 44. Kf3 Ke7 45. Bc2 Kf6 46. Kg4 e4 47. Kf4 e3 48. Kxe3 g5 49. h5 g4 50. Kf4 g3 51. Kxg3 Kg5 52. Bd1 a4 53. Bxa4 Kxh5 1/2-1/2


[Site "https://www.chess.com"]

[Event "Titled Tuesday Blitz June 28 Early 2022"]
[White "Ortega Ruiz, Jose Miguel"]
[Black "Garv Gaur"]
[WhiteFideId "2209713"]
[BlackFideId "45030839"]
[WhiteElo "2292"]
[BlackElo "1950"]
[Result "1-0"]
[Round "02"]
[TimeControl "180+1"]
[Date "2022.06.28"]
[WhiteClock "0:00:19"]
[BlackClock "0:00:06"]

1. Nf3 d5 2. g3 Nf6 3. Bg2 c5 4. O-O Nc6 5. d4 cxd4 6. Nxd4 e5 7. Nxc6 bxc6 8. c4 Be6 9. Qa4 Rc8 10. Nc3 Qd7 11. Rd1 d4 12. f4 Bc5 13. Kh1 exf4 14. Bxf4 O-O 15. e3 Ng4 16. Ne4 Qe7 17. exd4 Bb6 18. Bd6 Qd7 19. Bxf8 Rxf8 20. d5 Bf5 21. dxc6 Qe7 22. Re1 Bxe4 23. Bxe4 Nf2+ 24. Kg2 Nxe4 25. c5 Nxc5 26. Rxe7 Nxa4 27. b3 Nc5 28. Rd1 Rc8 29. b4 Ne6 30. Rdd7 h6 31. b5 Nc5 32. Rd5 Kf8 33. Re2 Ne6 34. a4 a6 35. Rd7 axb5 36. axb5 Nc5 37. Rd1 Ra8 38. h4 Ne6 39. Rd7 Nc5 40. Rde7 g6 41. g4 Ne6 42. Rb7 Nf4+ 43. Kf3 Nxe2 44. Kxe2 Ba5 45. b6 Bxb6 46. Rxb6 Rc8 47. Kf3 Ke7 48. Rb7+ Ke6 49. Rb6 Kd6 50. Rb7 Rc7 51. Rb3 Rxc6 52. Ra3 Ke6 53. Re3+ Kf6 54. Kg3 Ra6 55. Rf3+ Kg7 56. Rb3 Ra4 57. Rd3 Kf6 58. Rf3+ Ke7 59. Re3+ Kf8 60. Rb3 Rc4 61. Rd3 Rc5 62. Re3 Kg7 63. Rf3 h5 64. gxh5 Rxh5 65. Ra3 Rc5 66. Rf3 f6 67. Ra3 Kh6 68. Rf3 Rc6 69. Ra3 Kh5 70. Ra5+ f5 71. Ra3 Rc4 72. Ra8 1-0


[Site "https://www.chess.com"]

[Event "Titled Tuesday Blitz June 28 Early 2022"]
[White "Papp, Levente"]
[Black "Ibarra Jerez, Jose Carlos"]
[WhiteFideId "751243"]
[BlackFideId "2226332"]
[WhiteElo "2308"]
[BlackElo "2628"]
[Result "0-1"]
[Round "02"]
[TimeControl "180+1"]
[Date "2022.06.28"]
[WhiteClock "0:00:02"]
[BlackClock "0:01:00"]

1. Nf3 d6 2. d4 Nf6 3. g3 g6 4. Bg2 Bg7 5. O-O O-O 6. Re1 Nbd7 7. e4 e5 8. c3 b6 9. Na3 Bb7 10. Qc2 Re8 11. d5 c6 12. dxc6 Bxc6 13. Nc4 Qc7 14. Nfd2 b5 15. Ne3 Qb7 16. b3 Nc5 17. f3 Rac8 18. Ba3 a5 19. c4 Qb6 20. Kh1 Bh6 21. Nd5 Nxd5 22. exd5 Bd7 23. Bxc5 dxc5 24. Ne4 f5 25. Nc3 b4 26. Ne2 Qd6 27. a4 Re7 28. Rad1 Rce8 29. Ng1 Bg7 30. Re2 h5 31. Nh3 Bf6 32. Qd2 Kg7 33. Rde1 h4 34. Ng5 hxg3 35. hxg3 Rh8+ 36. Kg1 e4 37. f4 Bxg5 38. fxg5 Qxg3 39. Qb2+ Qe5 40. Qxe5+ Rxe5 41. Rf1 Rh5 42. Kf2 Rxg5 43. Ke3 Kf6 44. Rh1 Rg3+ 45. Kf4 Rxb3 46. Rh6 Re8 47. Bh1 Bxa4 48. d6 Rh8 49. Reh2 Rxh6 50. Rxh6 Rd3 51. Bxe4 0-1


[Site "https://www.chess.com"]

[Event "Titled Tuesday Blitz June 28 Early 2022"]
[White "Pein, Jonathan"]
[Black "Antonio, Jorge Carlos"]
[WhiteFideId "417092"]
[BlackFideId "113190"]
[WhiteElo "2140"]
[BlackElo "2247"]
[Result "0-1"]
[Round "02"]
[TimeControl "180+1"]
[Date "2022.06.28"]
[WhiteClock "0:00:11"]
[BlackClock "0:00:49"]

1. e4 c5 2. b3 e6 3. Bb2 Nc6 4. Nf3 d5 5. exd5 exd5 6. Bb5 Qe7+ 7. Qe2 Qxe2+ 8. Bxe2 Bf5 9. Na3 Nf6 10. O-O Be7 11. Rfe1 O-O 12. Bb5 Rfe8 13. Ne5 Rac8 14. d3 Bd6 15. Nxc6 Rxe1+ 16. Rxe1 bxc6 17. Ba6 Rb8 18. Nb1 h6 19. Nd2 Be6 20. d4 c4 21. Nf3 Rb6 22. Bc8 Bxc8 23. Bc3 Be6 24. Ne5 Bxe5 25. dxe5 Ne4 26. Bd4 c5 27. Be3 d4 28. Bxd4 cxd4 29. Rxe4 cxb3 30. axb3 d3 31. cxd3 Rxb3 32. Ra4 Rxd3 33. h4 Rd7 34. g3 Bd5 35. Kf1 Bb7 36. Ke2 a6 37. Ke3 Rd8 38. f4 Ra8 39. Ra5 Bc6 40. Kd4 Bb5 41. f5 Rd8+ 42. Ke4 Rd3 43. g4 Rg3 44. Kf4 Rh3 45. h5 Rd3 46. Ke4 Rd1 47. e6 fxe6 48. fxe6 Kf8 49. Ra3 Ke7 50. Re3 Kxe6 51. Kf4+ Kf6 52. Rc3 Rd4+ 53. Ke3 Rxg4 54. Rc6+ 0-1


[Site "https://www.chess.com"]

[Event "Titled Tuesday Blitz June 28 Early 2022"]
[White "Petrova, Irina"]
[Black "Korchmar, Vasiliy"]
[WhiteFideId "14124122"]
[BlackFideId "24131750"]
[WhiteElo "1993"]
[BlackElo "2370"]
[Result "0-1"]
[Round "02"]
[TimeControl "180+1"]
[Date "2022.06.28"]
[WhiteClock "0:00:13"]
[BlackClock "0:01:42"]

1. e4 c5 2. Nf3 d6 3. Bb5+ Nd7 4. O-O a6 5. Bxd7+ Bxd7 6. d4 cxd4 7. Qxd4 Nf6 8. a4 g6 9. c4 Bg7 10. Nc3 O-O 11. Qd3 Rc8 12. Rd1 Bg4 13. Bf4 Bxf3 14. Qxf3 Rxc4 15. e5 Nh5 16. Bg3 Nxg3 17. hxg3 Bxe5 18. Qxb7 Bxc3 19. bxc3 a5 20. Re1 e6 21. Re3 Qc7 22. Qb3 Rc8 23. Rd1 d5 24. Rdd3 Qc6 25. Rf3 Qxa4 26. Qb7 R4c7 27. Qb6 Qa1+ 28. Kh2 a4 29. Qd4 a3 30. Rf4 a2 31. Rd1 Qb2 0-1


[Site "https://www.chess.com"]

[Event "Titled Tuesday Blitz June 28 Early 2022"]
[White "Pham, Tran Gia Phuc"]
[Black "Chen, Qi b"]
[WhiteFideId "12415669"]
[BlackFideId "8614733"]
[WhiteElo "1789"]
[BlackElo "2432"]
[Result "1-0"]
[Round "02"]
[TimeControl "180+1"]
[Date "2022.06.28"]
[WhiteClock "0:00:05"]
[BlackClock "0:00:13"]

1. c4 e5 2. Nc3 Nf6 3. Nf3 Nc6 4. d4 exd4 5. Nxd4 Bb4 6. Nxc6 bxc6 7. g3 O-O 8. Bg2 Re8 9. O-O Bxc3 10. bxc3 Qe7 11. Be3 a5 12. c5 Ba6 13. Re1 a4 14. Bd4 Bc4 15. e4 a3 16. Qd2 Rab8 17. Qf4 d6 18. cxd6 cxd6 19. e5 Nd5 20. Qd2 Rb2 21. exd6 Rxd2 22. dxe7 f5 23. Bc5 Bxa2 24. Bxa3 Kf7 25. Bf1 Bb3 26. Bc5 Bc2 27. c4 Nf6 28. f3 Bd3 29. Bb4 Rb2 30. Ba3 Rb3 31. Re3 Bc2 32. Rxb3 Bxb3 33. Bd6 Nd7 34. c5 Nf6 35. Bd3 g6 36. Rb1 Bd5 37. Kf2 Ng8 38. Rb7 Nxe7 39. h4 h5 40. Ba6 Kf6 41. Rc7 Ke6 42. Bb7 Ng8 43. Bxc6 Bxc6 44. Rxc6 Kd5 45. Rc7 Nf6 46. Rg7 Ra8 47. Rxg6 Ra2+ 48. Ke3 Nd7 49. Rg5 Ke6 50. Rxh5 Ra3+ 51. Kf4 Ra4+ 52. Kg5 Ra3 53. Rh6+ Kd5 54. Kxf5 Rxf3+ 55. Kg4 Rf1 56. h5 Nf6+ 57. Kg5 Ne4+ 58. Kg6 Rg1 59. Rh7 Nxg3 60. Bxg3 Rxg3+ 61. Kh6 Kxc5 62. Rd7 Kc6 63. Rd1 Rg2 64. Kh7 Rg3 65. h6 Rg2 66. Kh8 Rg3 67. h7 Rg2 68. Re1 Kd7 69. Re5 Rg1 70. Re3 Rg2 71. Re1 Rg3 72. Rd1+ Ke7 73. Re1+ Kf7 74. Rf1+ Ke8 75. Rf4 Rg1 76. Re4+ Kf7 77. Rf4+ Ke8 78. Re4+ Kf7 79. Ra4 Kf8 80. Ra8+ Kf7 81. Ra7+ Kf8 82. Ra8+ Kf7 83. Rg8 Rh1 84. Rg7+ Kf8 85. Rg2 Rf1 86. Rg3 Rf2 87. Rg5 Rf1 88. Ra5 Kf7 89. Ra7+ Kf8 90. Ra8+ Kf7 91. Rg8 Rh1 92. Rg7+ Kf8 93. Ra7 Rg1 94. Rb7 Rg2 95. Rb8+ Kf7 96. Rg8 Rh2 97. Rg3 Rh1 98. Rf3+ Ke7 99. Rf5 Rg1 100. Rf4 Rg2 101. Rf5 Rg1 102. Rf2 Rg3 103. Re2+ Kf7 104. Ra2 Kf8 105. Ra8+ Ke7 106. Rg8 Rh3 107. Rg4 Kf7 108. Rf4+ Ke7 109. Kg7 Rg3+ 110. Kh6 Rh3+ 111. Kg6 Rg3+ 112. Kh5 1-0


[Site "https://www.chess.com"]

[Event "Titled Tuesday Blitz June 28 Early 2022"]
[White "Piliczewski, Bogusz"]
[Black "Vovk, Orest"]
[WhiteFideId "1104144"]
[BlackFideId "14113490"]
[WhiteElo "1896"]
[BlackElo "2203"]
[Result "1-0"]
[Round "02"]
[TimeControl "180+1"]
[Date "2022.06.28"]
[WhiteClock "0:00:43"]
[BlackClock "0:00:09"]

1. d4 e5 2. dxe5 Nc6 3. Nf3 Qe7 4. Nc3 Nxe5 5. Nd5 Nxf3+ 6. gxf3 Qd8 7. Bf4 d6 8. e4 c6 9. Ne3 Be6 10. Bc4 Qa5+ 11. c3 O-O-O 12. Qe2 Nf6 13. a4 d5 14. exd5 Nxd5 15. Bxd5 Bxd5 16. b4 Bxb4 17. cxb4 Qxb4+ 18. Kf1 Qxf4 19. Nxd5 Rxd5 20. Qe3 Qc4+ 21. Kg2 Rg5+ 22. Qxg5 f6 23. Qg4+ Qxg4+ 24. fxg4 Rd8 25. Rhd1 Rxd1 26. Rxd1 Kc7 27. Kf3 b5 28. axb5 cxb5 29. Ke4 Kc6 30. Rc1+ Kb6 31. Kd4 a5 32. Kc3 Kc5 33. Kb3+ Kd6 34. Rd1+ Ke6 35. f4 g6 36. Rd4 h5 37. h3 hxg4 38. hxg4 g5 39. f5+ Ke5 40. Kc3 b4+ 41. Kc4 b3 42. Rd5+ Kf4 43. Rxa5 b2 44. Rb5 Kxg4 45. Rxb2 Kxf5 46. Kd3 Kf4 47. Ke2 Kg3 48. Kf1 f5 49. Rb3+ Kh4 50. Kg2 g4 51. Rb4 Kh5 52. Kg3 Kg5 53. Rc4 Kf6 54. Kf4 Ke6 55. Rc5 1-0


[Site "https://www.chess.com"]

[Event "Titled Tuesday Blitz June 28 Early 2022"]
[White "Polster, Christian"]
[Black "Agibileg, Uurtsaikh"]
[WhiteFideId "12965081"]
[BlackFideId "4901606"]
[WhiteElo "2299"]
[BlackElo "2205"]
[Result "0-1"]
[Round "02"]
[TimeControl "180+1"]
[Date "2022.06.28"]
[WhiteClock "0:00:01"]
[BlackClock "0:01:26"]

1. e4 c5 2. Nc3 e6 3. Nge2 Nc6 4. g3 Nf6 5. Bg2 Be7 6. O-O O-O 7. d4 cxd4 8. Nxd4 a6 9. Re1 Qc7 10. Bg5 d6 11. a4 Bd7 12. Nb3 Rfc8 13. a5 Ne5 14. Bc1 Bc6 15. Nd4 Bd7 16. Nb3 Nc4 17. Kh1 h5 18. f4 Ng4 19. Qe2 b5 20. axb6 Qxb6 21. Rf1 a5 22. h3 Nh6 23. Na4 Qa7 24. c3 Bb5 25. Qe1 Qd7 0-1


[Site "https://www.chess.com"]

[Event "Titled Tuesday Blitz June 28 Early 2022"]
[White "Pourkashiyan, Atousa"]
[Black "Hafiz, Arif Abdul"]
[WhiteFideId "12502014"]
[BlackFideId "7104227"]
[WhiteElo "2247"]
[BlackElo "2198"]
[Result "0-1"]
[Round "02"]
[TimeControl "180+1"]
[Date "2022.06.28"]
[WhiteClock "0:01:42"]
[BlackClock "0:02:00"]

1. e4 c6 2. d4 d5 3. Nd2 dxe4 4. Nxe4 Nf6 5. Nxf6+ exf6 6. c3 Bd6 7. Bd3 Nd7 8. Ne2 O-O 9. Be3 Qc7 10. Qc2 h6 11. h3 b5 12. O-O Nb6 13. b3 Re8 14. Rfe1 Nd5 15. Bd2 Be6 16. a3 Nf4 17. Nxf4 Bxf4 18. Bxf4 Qxf4 19. Re2 Qg5 20. Kh1 Bd5 21. f3 Rxe2 22. Bxe2 Re8 23. Bd3 Re3 24. c4 bxc4 25. Bxc4 Bxf3 26. gxf3 Rxf3 27. Qg2 Qe3 28. Kh2 Rf2 29. Rg1 Qxd4 30. Kh1 Rxg2 31. Rxg2 g5 0-1


[Site "https://www.chess.com"]

[Event "Titled Tuesday Blitz June 28 Early 2022"]
[White "Prestia, Paris"]
[Black "Dardha, Daniel"]
[WhiteFideId "30925959"]
[BlackFideId "240990"]
[WhiteElo "2558"]
[BlackElo "2482"]
[Result "0-1"]
[Round "02"]
[TimeControl "180+1"]
[Date "2022.06.28"]
[WhiteClock "0:00:09"]
[BlackClock "0:01:10"]

1. d4 g6 2. c4 Bg7 3. Nc3 c5 4. e3 cxd4 5. exd4 e6 6. Nge2 Ne7 7. g3 d5 8. Bg2 dxc4 9. Qa4+ Bd7 10. Qxc4 Bc6 11. O-O O-O 12. Bg5 Bxg2 13. Kxg2 Nbc6 14. Rad1 h6 15. Bxe7 Qxe7 16. d5 exd5 17. Qxd5 Rad8 18. Qf3 h5 19. h4 Qe6 20. Nf4 Qc4 21. Nfd5 Ne5 22. Qe4 Qxe4+ 23. Nxe4 Nc6 24. b3 Bd4 25. Nf4 Kg7 26. Rd2 Be5 27. Rfd1 Bxf4 28. Rxd8 Rxd8 29. Rxd8 Nxd8 30. gxf4 Ne6 31. Kf3 Nd4+ 32. Kg3 Ne2+ 33. Kf3 Nd4+ 34. Kg3 Nf5+ 35. Kh3 Kf8 36. Ng3 Nd6 37. Kg2 Ke7 38. Kf3 Ke6 39. Ke3 Nf5+ 40. Nxf5 Kxf5 41. Kf3 a6 42. b4 b5 43. a3 f6 44. Ke3 Kg4 45. Kd4 Kxf4 46. Kc5 g5 47. Kb6 gxh4 48. Kxa6 h3 49. Kxb5 h2 50. a4 h1=Q 51. a5 Qb7+ 52. Ka4 h4 53. b5 Qe4+ 54. Kb3 h3 55. b6 h2 56. a6 h1=Q 57. b7 Qhb1+ 58. Kc3 Qed3# 0-1


[Site "https://www.chess.com"]

[Event "Titled Tuesday Blitz June 28 Early 2022"]
[White "Prieto Aranguren, Alain"]
[Black "Shohat, Yotam"]
[WhiteFideId "2268906"]
[BlackFideId "2813955"]
[WhiteElo "2224"]
[BlackElo "2119"]
[Result "1/2-1/2"]
[Round "02"]
[TimeControl "180+1"]
[Date "2022.06.28"]
[WhiteClock "0:00:36"]
[BlackClock "0:00:04"]

1. d4 Nf6 2. Bg5 d5 3. e3 c5 4. Bxf6 gxf6 5. Nc3 cxd4 6. exd4 e6 7. Qh5 Nc6 8. Nge2 Bd7 9. O-O-O Qb6 10. Nf4 Bd6 11. Nfxd5 exd5 12. Re1+ Kd8 13. Qxf7 Rf8 14. Qxh7 Bf4+ 15. Kb1 Bd2 16. Qg7 Bxc3 17. b3 Kc7 18. Qg3+ Kd8 19. Qxc3 Qxd4 20. Qxd4 Nxd4 21. Bd3 Kc7 22. h4 Rae8 23. h5 Rxe1+ 24. Rxe1 Rh8 25. Rh1 Bg4 26. h6 Bf5 27. Rh4 Bxd3 28. Rxd4 Bg6 29. Rh4 Kd6 30. Kb2 Ke5 31. Kc3 Kf5 32. Kd4 Kg5 33. Rh3 Rxh6 34. Rg3+ Kf4 35. Rf3+ Kg5 36. Rg3+ Kf5 37. Kxd5 Rh4 38. c4 Rf4 39. Kd6 Rxf2 40. Kc7 Rxa2 41. Kxb7 a5 42. c5 Rc2 43. c6 Bf7 44. c7 Be6 45. Re3 Bd5+ 46. Kb8 Bxg2 47. c8=Q+ Rxc8+ 48. Kxc8 Kf4 49. Rc3 f5 50. Kd7 Be4 51. Kd6 Kg4 52. Rc5 f4 53. Rxa5 f3 54. Ra2 Kg3 55. b4 f2 56. Ra1 Kg2 57. b5 f1=Q 58. Rxf1 Kxf1 59. b6 Ke2 60. Kc7 Kd3 61. b7 Bxb7 1/2-1/2


[Site "https://www.chess.com"]

[Event "Titled Tuesday Blitz June 28 Early 2022"]
[White "Reprintsev, Alexander"]
[Black "Dinu, Dumitru-Daniel"]
[WhiteFideId "14100541"]
[BlackFideId "1208403"]
[WhiteElo "2108"]
[BlackElo "2240"]
[Result "1-0"]
[Round "02"]
[TimeControl "180+1"]
[Date "2022.06.28"]
[WhiteClock "0:02:06"]
[BlackClock "0:01:15"]

1. e4 c5 2. b3 Nf6 3. e5 Nd5 4. Nc3 Nxc3 5. dxc3 Nc6 6. Nf3 g6 7. Bc4 Bg7 8. O-O O-O 9. Bf4 a6 10. a4 b6 11. Qd2 Bb7 12. Rad1 Na5 13. Bd5 Bxd5 14. Qxd5 Ra7 15. h4 e6 16. Qd6 Qc7 17. h5 Qxd6 18. Rxd6 Rb7 19. h6 Bh8 20. Rfd1 Rd8 21. Bg5 f6 22. exf6 Kf7 23. Ne5+ Ke8 24. f7+ 1-0


[Site "https://www.chess.com"]

[Event "Titled Tuesday Blitz June 28 Early 2022"]
[White "Rosen, Eric"]
[Black "Di Nicolantonio, Lucas"]
[WhiteFideId "2032562"]
[BlackFideId "680460"]
[WhiteElo "2362"]
[BlackElo "2381"]
[Result "1-0"]
[Round "02"]
[TimeControl "180+1"]
[Date "2022.06.28"]
[WhiteClock "0:00:48"]
[BlackClock "0:00:05"]

1. d4 g6 2. e4 Bg7 3. Nf3 d6 4. Bc4 e6 5. Bb3 Ne7 6. O-O b6 7. Re1 Bb7 8. c3 c5 9. Nbd2 Nbc6 10. Nf1 h6 11. Ng3 O-O 12. Be3 Kh7 13. Qd2 Na5 14. Rad1 Nxb3 15. axb3 cxd4 16. Bxd4 e5 17. Be3 d5 18. exd5 Nxd5 19. Qe2 Qc7 20. c4 Nxe3 21. Qxe3 Rad8 22. Rxd8 Rxd8 23. Ne4 f5 24. Nc3 e4 25. Nd2 Rd3 26. Qe2 Qd6 27. Ndb1 a6 28. Rd1 h5 29. h4 Bf6 30. g3 Qd4 31. Rxd3 exd3 32. Qe3 Qxe3 33. fxe3 Be5 34. Kf2 Kg7 35. Nd2 Kf6 36. Na4 b5 37. Nc5 Bc8 38. Nxd3 Bd6 39. c5 Bc7 40. b4 a5 41. bxa5 Bxa5 42. b4 Bc7 43. Nf4 Bb7 44. Nf3 Bc6 45. Nd4 Be8 46. Nd5+ Ke5 47. Nxc7 Bf7 48. Ncxb5 1-0


[Site "https://www.chess.com"]

[Event "Titled Tuesday Blitz June 28 Early 2022"]
[White "Royal, Shreyas"]
[Black "Ouellet, Maili-Jade"]
[WhiteFideId "448869"]
[BlackFideId "2620472"]
[WhiteElo "1986"]
[BlackElo "1899"]
[Result "1/2-1/2"]
[Round "02"]
[TimeControl "180+1"]
[Date "2022.06.28"]
[WhiteClock "0:00:22"]
[BlackClock "0:00:07"]

1. d4 d5 2. Nf3 Nf6 3. c4 e6 4. g3 Be7 5. Bg2 O-O 6. O-O dxc4 7. Qc2 b5 8. a4 b4 9. Qxc4 Ba6 10. Qc2 Nbd7 11. Rd1 c5 12. Ne5 Rc8 13. Nc6 Qe8 14. Nxa7 Rc7 15. Nb5 Rc8 16. Qd2 Bxb5 17. axb5 cxd4 18. Qxd4 Bc5 19. Qh4 Ne5 20. Bg5 Ng6 21. Qh3 Qxb5 22. Bxf6 gxf6 23. Re1 Rfd8 24. Be4 f5 25. Bd3 Qb6 26. Qg2 Ne5 27. Nd2 Nxd3 28. exd3 Rxd3 29. Nf3 Rcd8 30. Ne5 R3d5 31. g4 f4 32. Qf3 Bd4 33. Nd3 e5 34. Qe4 Qg6 35. Qf3 f6 36. Ra8 Rd7 37. Ra6 Rd6 38. Ra7 R6d7 39. Rxd7 Rxd7 40. h3 h5 41. Qc6 Rf7 42. Qe8+ Kh7 43. Qe6 hxg4 44. hxg4 Rg7 45. Nxb4 Qxg4+ 46. Qxg4 Rxg4+ 47. Kf1 Rh4 48. Nd5 Bxb2 49. Nxf6+ Kg6 50. Ne4 Bd4 51. Ke2 Kf5 52. f3 Rh2+ 53. Kd3 Rh3 54. Nd6+ Ke6 55. Nb5 Rxf3+ 56. Kc4 Kf5 57. Kd5 Kg4 58. Nd6 Re3 59. Rg1+ Rg3 60. Rf1 Kh3 61. Ke4 Kg2 62. Rb1 Re3+ 63. Kf5 f3 64. Ne4 f2 65. Nxf2 Kxf2 66. Rc1 Ke2 67. Rc2+ Kd3 68. Rh2 Re2 69. Rh3+ Be3 70. Kxe5 Kd2 71. Kd5 Kd3 72. Rh7 Rf2 73. Rb7 Rf5+ 74. Ke6 Rf4 75. Rb3+ Ke2 76. Ra3 Kf3 77. Ra2 Re4+ 78. Kd5 Rd4+ 1/2-1/2


[Site "https://www.chess.com"]